 Dungeon Crawl Stone Soup version 0.30.0 (webtiles) character file.

Game seed: 6286621145793954817

12 NinjaNoafa the Grave Robber (level 2, -1/19 HPs)
             Began as a Barachi Necromancer on May 6, 2023.
             Slain by a quokka (3 damage)
             ... on level 1 of the Dungeon.
             The game lasted 00:01:58 (293 turns).

NinjaNoafa the Grave Robber (Barachi Necromancer)    Turns: 293, Time: 00:01:59

Health: -1/19      AC:  2    Str:  9    XL:     2   Next: 33%
Magic:  0/5        EV: 12    Int: 15    God:
Gold:   2          SH:  0    Dex: 12    Spells: 4/5 levels left

rFire   . . .        e - +0 short sword
rCold   . . .        (no shield)
rNeg    . . .        a - +0 robe
rPois   .            (no helmet)
rElec   .            (no cloak)
rCorr   .            (no gloves)
SInv    .            (no boots)
Will    .....        (no amulet)
Stlth   ++           (no ring)
HPRegen 0.23/turn    (no ring)
MPRegen 0.09/turn

%: no passive effects
@: unable to hop, slow
A: amphibious, slowness 1, strong legs 1, +LOS
a: Hop


You were on level 1 of the Dungeon.
You visited 1 branch of the dungeon, and saw 1 of its levels.

You collected 2 gold pieces.

Inventory:

Hand Weapons
 e - a +0 short sword (weapon)
Armour
 a - a +0 robe (worn)
Potions
 b - a potion of magic
 d - a potion of curing {unknown}


   Skills:
 - Level 2.1 Dodging
 - Level 1.7 Stealth
 - Level 2.1 Spellcasting
 + Level 4.1 Necromancy


You had 4 spell levels left.
You knew the following spells:

 Your Spells              Type           Power      Damage    Failure   Level
a - Necrotise             Necr           56%        1d6       4%          1

Your spell library contained the following spells:

 Spells                   Type           Power      Damage    Failure   Level
 Vampiric Draining        Necr           14%        2d7       12%         3
 Animate Dead             Necr           14%        N/A       36%         4
 Agony                    Necr           14%        N/A       73%         5


Dungeon Overview and Level Annotations

Branches:
Dungeon (1/15) Zot: 5660

Altars:


Innate Abilities, Weirdness & Mutations

You are amphibious.
You cover ground slowly.
You can hop short distances.
You have an extended range of vision and can be seen from far away.


Message History

* * * LOW HITPOINT WARNING * * *
The jackal bites you.
* * * LOW HITPOINT WARNING * * *
Unknown command.
Unknown command.
Unknown command.
The quokka attacks as you move away! The quokka bites you.
* * * LOW HITPOINT WARNING * * *
Unknown command.
Unknown command.
The jackal barely misses you. The jackal attacks as you move away!
The jackal barely misses you. x2
The jackal attacks as you move away! The jackal misses you.
The jackal barely misses you.
Casting: Necrotise (safe; 4% risk of failure)
Confirm with . or Enter, or press ? or * to list all spells.
Aiming: Necrotise (safe; 4% risk of failure)
Press: ? - help, Shift-Dir - straight line, f/p - jackal
Aim: a jackal (heavily wounded, chance to affect: 84%)
The jackal writhes in agony.
You kill the jackal!
The dead are walking!
Unknown command.
You hit the quokka but do no damage. The quokka bites you.
* * * LOW HITPOINT WARNING * * *
Your jackal skeleton misses the quokka.
Unknown command.
Unknown command.
You hit the quokka.
The quokka is severely wounded.
The quokka bites you.
* * * LOW HITPOINT WARNING * * *
Your jackal skeleton barely misses the quokka.
The jackal bites your jackal skeleton. The quokka bites you.
* * * LOW HITPOINT WARNING * * *
Okay, then.
The jackal bites your jackal skeleton.
Your jackal skeleton bites the quokka.
The jackal bites your jackal skeleton. The quokka attacks as you move away!
The quokka bites you.
You die...

#.#...#.# ..#
######.#...#.###..#
#......#..).......#
#......÷w.##.#..#.#
#.....)##..#....#
#...(..##..###..#
##.######......## #.#
#...##..## #.# #@####.w# .
####÷# #.rZh...# ##### .
#....# ######### #...###.
#.#.###############.#)....
#...#.#.#.#.#.#.#.#.......
#.##...............##.....
#.#..........#......#.....
#.##.......#.......##.....
#.#......#....#.....#.....


You could see a quokka (ally target), a jackal and a friendly jackal skeleton.

Vanquished Creatures
  A goblin (D:1)
  A hobgoblin (D:1)
  A jackal (D:1)
  A ball python (D:1)
  2 bats (D:1)
  A frilled lizard (D:1)
  A kobold (D:1)
8 creatures vanquished.

Vanquished Creatures (collateral kills)
  An endoplasm (D:1)
  A giant cockroach (D:1)
  A quokka (D:1)
3 creatures vanquished.

Grand Total: 11 creatures vanquished

Notes
Turn   | Place    | Note
-------+----------+-------------------------------------------
     0 | D:1      | NinjaNoafa the Barachi Necromancer began the quest for the
                  | Orb.
     0 | D:1      | Reached XP level 1. HP: 13/13 MP: 3/3
   106 | D:1      | Reached skill level 4 in Necromancy
   106 | D:1      | Reached XP level 2. HP: 2/19 MP: 0/5
   293 | D:1      | Slain by a quokka

Illustrated notes

Levels and vault maps discovered:
D:1:      co_arrival_square_in_a_square_in_a_square, layout_basic, st_stairs_10

Skill      XL: |  1 |
---------------+----+-----
Necromancy     | 4 |  4.1
Dodging        | |  2.1
Stealth        | |  1.7
Spellcasting   | |  2.1

Action                     || total
---------------------------++-------
  Melee: Mace              ||    16
         Short sword       ||     7
   Cast: Necrotise         ||    18
Ability: Hop               ||     2
 Armour: Robe              ||    18
  Dodge: Dodged            ||    52
